 Dungeon Crawl Stone Soup version 0.18-a0-1702-gd20c6a5 (webtiles) character file.

61 Ijustatesigmund the Sneak (level 4, 0/31 HPs)
             Began as an Octopode Assassin on Apr 6, 2016.
             Slain by a gnoll
             ... wielding a +2 antimagic spear
              (3 damage)
             ... on level 2 of the Dungeon.
             The game lasted 00:02:51 (1521 turns).

Ijustatesigmund the Sneak (Octopode Assassin)       Turns: 1521, Time: 00:02:52

Health: 0/31       AC:  1    Str: 15    XL:     4   Next: 7%
Magic:  0/4        EV: 12    Int: 13    God:
Gold:   64         SH:  0    Dex: 14    Spells: 0 memorised, 3 levels left

rFire  . . .     SeeInvis .     a - +2 dagger
rCold  . . .     Gourm    .     (no shield)
rNeg   . . .     Faith    .     (helmet restricted)
rPois  .         Spirit   .     (no amulet)
rElec  .         Dismiss  .     l - ring of protection from magic
rCorr  .         Reflect  .     (no ring)
SustAt .         Harm     .     (no ring)
MR     +....                    (no ring)
Stlth  ++++......               (no ring)
                                (no ring)
                                (no ring)
                                (no ring)

@: mighty, somewhat resistant to hostile enchantments, stealthy
A: almost no armour, amphibious, 8 rings, constrict 8, camouflage 1, gelatinous
body 1
a: no special abilities


You were on level 2 of the Dungeon.
You were hungry.

You visited 1 branch of the dungeon, and saw 2 of its levels.

You collected 64 gold pieces.

Inventory:

Hand Weapons
 a - a +2 dagger (weapon)
 b - a +0 blowgun
Missiles
 c - 7 poisoned needles
 i - 4 tomahawks (quivered)
Jewellery
 l - a ring of protection from magic (left tentacle)
Scrolls
 e - 2 scrolls of remove curse
 m - a scroll of identify {unknown}
Potions
 h - a potion of agility {unknown}
 j - a potion of lignification {unknown}
 k - a potion of might
Comestibles
 f - 4 bread rations
 g - 5 fruits
 n - 2 meat rations


   Skills:
 - Level 3.0 Fighting
 + Level 3.3 Short Blades
 - Level 2.0 Throwing
 - Level 1.0 Dodging
 + Level 5.6 Stealth


You had 3 spell levels left.
You didn't know any spells.

Dungeon Overview and Level Annotations

Branches:
Dungeon (2/15)

Altars:


Innate Abilities, Weirdness & Mutations

You cannot wear most types of armour.
You are amphibious.
You can wear up to eight rings at the same time.
You can use your tentacles to constrict eight enemies at once.
Your skin changes colour to match your surroundings (Stealth).
Your rubbery body absorbs attacks (AC +1).


Message History

The gnoll hits you from afar with an antimagic spear!
You feel your power leaking away.
You see here a poisoned needle.
The gnoll hits you with an antimagic spear!
* * * LOW HITPOINT WARNING * * *
You feel your power leaking away.
You are too injured to fight recklessly!
Drink which item? (? for menu, Esc to quit)
It was a potion of might.
You feel very mighty all of a sudden.
The gnoll hits you with an antimagic spear.
* * * LOW HITPOINT WARNING * * *
You barely miss the gnoll. You grab the gnoll. You constrict the gnoll.
The gnoll hits you with an antimagic spear.
* * * LOW HITPOINT WARNING * * *
You hit the gnoll.
The gnoll is heavily wounded.
You constrict the gnoll.
The gnoll hits you with an antimagic spear.
You die...

##.##### #..###..# #..#...#
##.#...## ##.##...# #...###
#(.##.).#########..#####
#.###......<...........## #.#
#......[............. ###.#
#...#.....########..) ###...#
####g..(...#.........
#....#######@).......#######.
#.........>(...(...######....
#....#######..............##.
###### ##.......#.#..###..
###........#.##.....#
#..........#.###.....
#.##########.........
######.##########.........
#....................###...


You could see a gnoll.

Vanquished Creatures
  3 gnolls (D:2)
  A worm (D:2)
  A bat (D:1)
  A giant cockroach (D:2)
  4 goblins
  7 hobgoblins
  3 kobolds
  A quokka (D:2)
  A giant newt (D:1)
  7 rats
29 creatures vanquished.

Notes
Turn   | Place    | Note
--------------------------------------------------------------
     0 | D:1      | Ijustatesigmund the Octopode Assassin began the quest for the Orb.
     0 | D:1      | Reached XP level 1. HP: 14/14 MP: 1/1
   206 | D:1      | Reached XP level 2. HP: 20/20 MP: 2/2
  1011 | D:2      | Reached XP level 3. HP: 25/25 MP: 3/3
  1513 | D:2      | Reached XP level 4. HP: 23/31 MP: 4/4
  1521 | D:2      | Slain by a gnoll

Vault maps used:
D:1:      lemuel_arrival_cross

Skill      XL: |  1  2  3 |
---------------+----------+-----
Fighting       | 3 |  3.0
Short Blades   | 3 |  3.3
Throwing       | |  2.0
Dodging        | |  1.0
Stealth        | |  5.6

Action                   |  1- 3 |  4- 6 || total
-------------------------+-------+-------++-------
Melee: Dagger            |    46 |     4 ||    50
 Fire: Blowgun           |     5 |       ||     5
Throw: Tomahawk          |     4 |       ||     4
  Use: Scroll            |     5 |       ||     5
       Potion            |       |     1 ||     1
 Stab: Sleeping          |    13 |       ||    13
  Eat: Chunk             |     1 |       ||     1
